 Dungeon Crawl Stone Soup version 0.31-a0-263-ge8cad7f256 (webtiles) character file.

Game seed: 11022255096558213472

28 qw the Shooter (level 3, -1/21 HPs)
             Began as a Gargoyle Hexslinger on July 13, 2023.
             Slain by Terence
             ... wielding a +0 flail
              (6 damage)
             ... on level 2 of the Dungeon.
             The game lasted 00:00:19 (927 turns).

qw the Shooter (Gargoyle Hexslinger)                 Turns: 927, Time: 00:00:20

Health: -1/21      AC:  5    Str: 11    XL:     3   Next: 14%
Magic:  4/4        EV: 12    Int: 13    God:
Gold:   66         SH:  5    Dex: 14    Spells: 3/4 levels left

rFire   . . .        Y - +1 sling
rCold   + . .        (no shield)
rNeg    + . .        c - +0 robe
rPois   inf          (no helmet)
rElec   +            (no cloak)
rCorr   .            (no gloves)
SInv    .            (no boots)
Will    .....        g - amulet of reflection
Stlth   +            h - ring of protection from cold
HPRegen 0.23/turn    (no ring)
MPRegen 0.09/turn

%: reflection
@: no status effects
A: sickness immunity, AC +3, negative energy resistance 1, electricity
resistance, torment resistance 1, petrification resistance
a: no special abilities


You were on level 2 of the Dungeon.
You visited 1 branch of the dungeon, and saw 2 of its levels.

You collected 66 gold pieces.


Innate Abilities, Weirdness & Mutations

You are immune to sickness and miasma.
Your stone body is resilient. (AC +3)
You are immune to poison.
You resist negative energy. (rN+)
You are resistant to electric shocks. (rElec)
You are resistant to unholy torment.
You are immune to petrification.


   Skills:
 - Level 2.0 Fighting
 + Level 3.1 Ranged Weapons
 - Level 1.5 Dodging
 - Level 1.0 Spellcasting
 - Level 2.6 Hexes


You had 3 spell levels left.
You knew the following spells:

 Your Spells              Type           Power      Damage    Failure   Level
a - Slow                  Hex            28%        N/A       10%         1

Your spell library contained the following spells:

 Spells                   Type           Power      Damage    Failure   Level
 Inner Flame              Hex/Fire       4%         N/A       43%         3
 Portal Projectile        Hex/Tloc       8%         N/A       43%         3
 Cause Fear               Hex            3%         N/A       67%         4

Inventory:

Hand Weapons
 Y - a +1 sling (weapon)
Armour
 c - a +0 robe (worn)
Jewellery
 g - an amulet of reflection (around neck)
 h - a ring of protection from cold (left hand)
Potions
 a - a potion of enlightenment {unknown}
 d - 2 potions of heal wounds {unknown}
 e - a potion of lignification {unknown}

Dungeon Overview and Level Annotations

Branches:
Dungeon (2/15)

Altars:

Annotations:
D:2 Terence


Message History

The sling bullet closely misses Terence.
Terence closely misses you.
You shoot a sling bullet. The sling bullet hits Terence.
Terence is lightly wounded.
Terence barely misses you. You block Terence's attack.
You shoot a sling bullet.
The sling bullet closely misses Terence.
Terence barely misses you.
You shoot a sling bullet.
The sling bullet closely misses Terence.
You block Terence's attack.
You shoot a sling bullet. The sling bullet barely misses Terence.
Terence screams, "I want your blood!" Terence hits you with a +0 flail.
You shoot a sling bullet. The sling bullet barely misses Terence.
Terence closely misses you. Terence hits you with a +0 flail.
You shoot a sling bullet. The sling bullet hits Terence.
Terence is moderately wounded.
Terence bares his teeth.
You block Terence's attack.
You shoot a sling bullet. The sling bullet barely misses Terence.
Terence hits you with a +0 flail!
You shoot a sling bullet. The sling bullet hits Terence.
Terence is moderately wounded.
Terence misses you.
You shoot a sling bullet. The sling bullet hits Terence.
Terence is moderately wounded.
Terence barely misses you. Terence closely misses you.
You shoot a sling bullet.
The sling bullet hits Terence but does no damage.
Terence is moderately wounded.
You block Terence's attack.
You shoot a sling bullet.
The sling bullet hits Terence but does no damage.
Terence is moderately wounded.
You block Terence's attack.
You shoot a sling bullet. The sling bullet hits Terence.
Terence is severely wounded.
Terence hits you with a +0 flail.
You die...

##.###### ..#
#..##........ #..#
#..##......###
#..#
##..##....##.#
#..# ...
#..##.##.# #..##.%
#..##.##.# #....
#..##....# #.@##
#..####### #@.##
#..#
..#####..###..#
.........#....#
..######...##.####
#..###....# #>.#
####.# #.## #.#
#.# #.#
#.#######.#


You could see Terence.

Vanquished Creatures
  A dart slug (D:2)
  2 ball pythons (D:1)
  6 bats (D:1)
  An endoplasm (D:1)
  A giant cockroach (D:2)
  3 goblins
  A hobgoblin (D:1)
  A jackal (D:2)
  A kobold (D:1)
  A quokka (D:1)
  3 frilled lizards (D:1)
  2 rats
23 creatures vanquished.

Notes
Turn   | Place    | Note
-------+----------+-------------------------------------------
     0 | D:1      | qw the Gargoyle Hexslinger began the quest for the Orb.
     0 | D:1      | Reached XP level 1. HP: 12/12 MP: 2/2
     0 | D:1      | 0 ||| qw: Version: 0.3-a-52-g30416fa
     0 | D:1      | 0 ||| qw: Game counter: 7178
     0 | D:1      | 0 ||| qw: Melee chars always use a shield: true
     0 | D:1      | 0 ||| qw: God list: Okawaru
     0 | D:1      | 0 ||| qw: Allow faded altars: false
     0 | D:1      | 0 ||| qw: Do Orc after clearing Dungeon:15 true
     0 | D:1      | 0 ||| qw: Do second Lair branch before Depths: true
     0 | D:1      | 0 ||| qw: Lair rune preference: random
     0 | D:1      | 0 ||| qw: Goals: Normal
     0 | D:1      | 0 ||| PLANNING D:1-11
   183 | D:1      | Reached XP level 2. HP: 16/16 MP: 3/3
   323 | D:1      | Reached skill level 3 in Ranged Weapons
   717 | D:1      | 717 ||| UPGRADING to amulet of reflection.
   722 | D:1      | 722 ||| UPGRADING to ring of protection from cold.
   723 | D:1      | 723 ||| READING scroll labelled EBBIEMN VONWIPHIPN.
   727 | D:1      | 727 ||| READING scroll labelled ESILIE TAEGHUA.
   728 | D:1      | 728 ||| READING scroll labelled HUMOR CAISEHASTRE.
   729 | D:1      | 729 ||| DROPPING scroll of poison.
   788 | D:2      | Reached XP level 3. HP: 21/21 MP: 4/4
   907 | D:2      | Noticed Terence
   922 | D:2      | HP: 4/21 [Terence/+0 flail (8)]
   927 | D:2      | Slain by Terence

Levels and vault maps discovered:
D:1:      heliophobic_arrival_dark_side_of_the_moon, layout_loops_ring,
          roderic_roman_lattice
D:2:      minmay_alternating_diamond, layout_basic, uniq_terence

Skill      XL: |  1  2 |
---------------+-------+-----
Ranged Weapons | 3 |  3.1
Fighting       | 2 |  2.0
Dodging        | |  1.5
Spellcasting   | |  1.0
Hexes          | |  2.6

Action                     || total
---------------------------++-------
   Fire: Sling             ||    80
    Use: Scroll            ||     3
 Armour: Robe              ||    10
  Dodge: Dodged            ||    19
  Block: Other             ||     6

Table legend:
 A = Non-vault XP
 B = Vault XP
 C = Vault XP percentage of total XP
 D = Non-vault monster count
 E = Vault monster count
 F = Vault count percentage of total count
                 A         B        C        D         E       F
            +---------+---------+-------+---------+---------+-------
      Total |      39 |       2 |   4.9 |      22 |       1 |   4.3
            +---------+---------+-------+---------+---------+-------
        D:1 |      30 |       0 |   0.0 |      18 |       0 |   0.0
        D:2 |       9 |       2 |  18.2 |       4 |       1 |  20.0
            +---------+---------+-------+---------+---------+-------
